 Dungeon Crawl Stone Soup version 0.27.1-34-g3ba077fa99 (console) character file.

Game seed: 14069567619803808156

81 Banquo the Shield-Bearer (level 4, -12/37 HPs)
             Began as a Formicid Fighter on Feb 4, 2022.
             Was a Follower of Cheibriados.
             Mangled by an ice beast (14 damage)
             ... on level 5 of the Dungeon.
             The game lasted 00:06:13 (2425 turns).

Banquo the Shield-Bearer (Formicid Fighter)         Turns: 2425, Time: 00:06:13

Health: -12/37     AC:  6    Str: 23    XL:     4   Next: 68%
Magic:  4/4        EV:  8    Int: 10    God:    Cheibriados [*.....]
Gold:   143        SH: 11    Dex: 12    Spells: 3/3 levels left

rFire    . . .     SeeInvis +   a - +1 war axe
rCold    . . .     Faith    .   c - +1 kite shield
rNeg     . . .     Spirit   .   b - +0 scale mail
rPois    .         Reflect  .   (helmet unavailable)
rElec    .         Harm     .   (no cloak)
rCorr    .         Rampage  .   (no gloves)
Will     .....                  (no boots)
Stlth    ..........             (no amulet)
HPRegen  0.12/turn              (no ring)
MPRegen  0.09/turn              (no ring)

@: very slow
A: permanent stasis, dig shafts and tunnels, antennae 3, four strong arms
a: Dig, Shaft Self, Renounce Religion, Bend Time


You were on level 5 of the Dungeon.
You worshipped Cheibriados.
Cheibriados was aware of your devotion.
You visited 1 branch of the dungeon, and saw 4 of its levels.

You collected 143 gold pieces.

Inventory:

Hand Weapons
 a - a +1 war axe (weapon)
 l - a +0 spear
Missiles
 f - 10 poisoned darts
 i - 42 stones
Armour
 b - a +0 scale mail (worn)
 c - a +1 kite shield (worn)
Magical Staves
 j - a staff of cold
Wands
 m - a wand of iceblast (5)
Scrolls
 n - a scroll of blinking {unknown}
 o - a scroll of noise {unknown}
Potions
 d - a potion of might
 e - a potion of resistance
 g - a potion of attraction {unknown}
 h - a potion of invisibility {unknown}
 k - 2 potions of lignification


   Skills:
 + Level 3.7 Fighting
 * Level 3.6 Axes
 + Level 3.5 Armour
 + Level 0.2 Dodging
 + Level 4.1 Shields


You had 3 spell levels left.
You didn't know any spells.
Your spell library contained the following spells:

 Spells                   Type           Power      Damage    Failure   Level
 Beastly Appendage        Tmut           0%         N/A       95%         1
 Slow                     Hex            0%         N/A       99%         2
 Wereblood                Tmut           0%         N/A       99%         2
 Confusing Touch          Hex            0%         N/A       100%        3
 Spider Form              Tmut/Pois      0%         N/A       100%        3
 Vampiric Draining        Necr           0%         2d6       100%        3
 Malign Gateway           Summ/Tloc      0%         N/A       100%        7
 Summon Horrible Things   Summ           0%         N/A       100%        8


Dungeon Overview and Level Annotations

Branches:
Dungeon (3/15)

Altars:
Cheibriados
Ru
Zin
The Shining One

Shops:
D:1 =   D:3 ?


Innate Abilities, Weirdness & Mutations

You cannot be hasted, slowed, berserked, paralysed or teleported.
You can dig through walls and to a lower floor.
You have a pair of large antennae on your head. (SInv)
Your four strong arms can wield two-handed weapons with a shield.


Message History

You slash the ice beast!
The ice beast is moderately wounded.
The ice beast hits you but does no damage.
The ice beast closely misses you.
You hit the ice beast.
The ice beast is moderately wounded.
The ice beast hits you. The ice beast freezes you!
You slash the ice beast!
The ice beast is almost dead.
The ice beast hits you. The ice beast freezes you!
* * * LOW HITPOINT WARNING * * *
You block the ice beast's attack.
You barely miss the ice beast.
The ice beast is almost dead.
The ice beast hits you.
* * * LOW HITPOINT WARNING * * *
The ice beast freezes you.
* * * LOW HITPOINT WARNING * * *
You closely miss the ice beast.
The ice beast is almost dead.
You block the ice beast's attack.
The ice beast hits you but does no damage.
Your shield and scale mail prevent you from hitting the ice beast.
The ice beast is almost dead.
The ice beast completely misses you.
You barely miss the ice beast.
The ice beast is almost dead.
The ice beast barely misses you. x2
You hit the ice beast.
The ice beast is almost dead.
The ice beast hits you but does no damage.
You closely miss the ice beast.
The ice beast is almost dead.
You block the ice beast's attack. The ice beast barely misses you.
You closely miss the ice beast.
The ice beast is almost dead.
The ice beast hits you.
* * * LOW HITPOINT WARNING * * *
The ice beast freezes you!
You die...

#.# #.# ##.##
#...# #...#
####...####
#####.........#
..............#
#..........@.#
#.>...##...Y###
...... #....#
.............#
.?.....#####.#
.. ...# .# .
..# .# .. .#


You could see an ice beast.

Vanquished Creatures
  3 gnolls (D:2)
  A worm (D:2)
  6 ball pythons
  5 endoplasms
  4 giant cockroaches
  3 goblins (D:2)
  6 hobgoblins
  2 jackals (D:2)
  3 kobolds
  2 quokkas
  2 bats
  5 frilled lizards
  4 rats (D:2)
46 creatures vanquished.

Notes
Turn   | Place    | Note
-------+----------+-------------------------------------------
     0 | D:1      | Banquo the Formicid Fighter began the quest for the Orb.
     0 | D:1      | Reached XP level 1. HP: 18/18 MP: 1/1
   147 | D:1      | Found Cecoph's Jewellery Shop.
   252 | D:1      | Reached XP level 2. HP: 24/24 MP: 2/2
   818 | D:2      | Reached XP level 3. HP: 25/29 MP: 3/3
   903 | D:2      | Reached skill level 4 in Shields
  1310 | D:2      | Reached XP level 4. HP: 37/37 MP: 4/4
  2015 | D:3      | Noticed an eye of devastation
  2017 | D:3      | Found a faded altar of an unknown god.
  2019 | D:3      | Noticed a floating eye
  2024 | D:3      | Noticed an eye of devastation
  2024 | D:3      | Noticed a golden eye
  2029 | D:3      | Became a worshipper of Cheibriados the Contemplative
  2029 | D:3      | Reached * piety under Cheibriados
  2130 | D:3      | Found Casyqet's Magic Scroll Shop.
  2221 | D:3      | Found a glowing golden altar of the Shining One.
  2227 | D:3      | Found a sacrificial altar of Ru.
  2227 | D:3      | Found a glowing silver altar of Zin.
  2405 | D:3      | You fall into a shaft and drop 2 floors!
  2405 | D:5      | Entered Level 5 of the Dungeon
  2411 | D:5      | Noticed an ice beast
  2425 | D:5      | Mangled by an ice beast

Illustrated notes

Levels and vault maps discovered:
D:1:      dpeg_arrival_round_a, layout_rooms, serial_shops, nicolae_shop_stone,
          chequers_mini_garden
D:2:      layout_loops_ring
D:3:      layout_loops_corners, lemuel_doored_altar, grunt_temple_overflow_open,
          serial_shops, nicolae_shop_behind_doors,
          hellmonk_ecumenical_altar_watching_god, nicolae_underground_beach
D:5:      layout_loops_ring, gup_sewer_entry_spiral, chequers_garden,
          nicolae_zen_rock_garden

Skill      XL: |  1  2  3 |
---------------+----------+-----
Axes           | 3 |  3.6
Shields        | 4 |  4.1
Fighting       | |  3.7
Armour         | |  3.5
Dodging        | |  0.2

Action                   |  1- 3 |  4- 6 || total
-------------------------+-------+-------++-------
Melee: War axe           |   130 |    48 ||   178
 Abil: Dig               |       |     1 ||     1
  Use: Scroll            |       |     6 ||     6
Armor: Scale mail        |    46 |    15 ||    61
Dodge: Dodged            |    51 |    14 ||    65
Block: Kite shield       |    81 |    27 ||   108
